 Dungeon Crawl Stone Soup version 0.24-a0-307-gf989941 (webtiles) character file.

Game seed: 14098566119263552644

11253 Zizzle the Archer (level 11, -8/89 (91) HPs)
             Began as a Centaur Hunter on May 12, 2019.
             Was the Champion of Okawaru.
             Mangled by a two-headed ogre
             ... wielding a +0 giant spiked club
             ... summoned by a glowing orange brain
              (24 damage)
             ... on level 10 of the Dungeon.
             The game lasted 00:24:40 (14822 turns).

Zizzle the Archer (Centaur Hunter)                 Turns: 14822, Time: 00:24:43

HP:   -8/89 (91)    AC: 17    Str: 18    XL:     11   Next: 46%
MP:   16/16         EV:  4    Int: 10    God:    Okawaru [******]
Gold: 410           SH:  0    Dex: 10    Spells: 10/10 levels left

rFire    . . .     SeeInvis .   b - +6 halberd of the Absolute Madman {drain, rElec rN+}
rCold    + . .     Gourm    .   (shield currently unavailable)
rNeg     + . .     Faith    +   l - +0 plate armour
rPois    .         Spirit   .   Q - +0 helmet
rElec    +         Reflect  .   B - +0 cloak
rCorr    .         Harm     .   (no gloves)
MR       .....                  (no barding)
Stlth    ..........             E - amulet of faith
HPRegen  0.24/turn              n - ring of protection from cold
MPRegen  0.15/turn              G - +4 ring of protection

@: afraid, slowed
A: large, hooves 3, deformed body, speed 2, tough skin 3
a: Heroism, Finesse, Renounce Religion


You were on level 10 of the Dungeon.
You worshipped Okawaru.
Okawaru was exalted by your worship.
You were near starving.

You visited 1 branch of the dungeon, and saw 10 of its levels.

You collected 410 gold pieces.

Inventory:

Hand Weapons
 a - a +1 shortbow
 b - the +6 halberd of the Absolute Madman (weapon) {drain, rElec rN+}
   (You found it on level 9 of the Dungeon)

   A truly terrible weapon, it drains the life of those it strikes.
   It insulates you from electricity.
   It protects you from negative energy.
Missiles
 d - 392 arrows
 i - 7 atropa-tipped darts (quivered)
Armour
 l - a +0 plate armour (worn)
 B - a +0 cloak (worn)
 H - a +0 chain mail
 Q - a +0 helmet (worn)
Jewellery
 n - a ring of protection from cold (left hand)
 o - an uncursed ring of protection from cold
 v - an uncursed amulet of rage
 y - an uncursed ring of flight
 z - an uncursed ring of ice
 E - an amulet of faith (around neck)
 G - a +4 ring of protection (right hand)
Wands
 C - a wand of disintegration (22)
 J - a wand of random effects (18)
 K - a wand of paralysis (9)
 R - a wand of scattershot (3)
Scrolls
 h - 3 scrolls of fear {unknown}
 m - 6 scrolls of remove curse
 p - a scroll of magic mapping {unknown}
 q - 2 scrolls of fog {unknown}
 s - 3 scrolls of blinking
 w - 2 scrolls of enchant armour {unknown}
 I - 2 scrolls of immolation {unknown}
 N - 6 scrolls of teleportation {unknown}
 O - a scroll of amnesia {unknown}
 P - a scroll of noise {unknown}
Potions
 c - 2 potions of might {unknown}
 e - 3 potions of haste
 g - a potion of degeneration {unknown}
 j - 8 potions of curing
 k - 3 potions of lignification
 r - a potion of invisibility {unknown}
 t - a potion of berserk rage {unknown}
 u - 3 potions of brilliance
 x - a potion of cancellation {unknown}
 A - 3 potions of flight
 F - a potion of ambrosia {unknown}
 M - a potion of heal wounds
Comestibles
 f - 16 rations


   Skills:
 + Level 6.5 Fighting
   Level 0.1 Short Blades
 + Level 8.7 Polearms
 * Level 12.3 Bows
 * Level 7.1 Armour
 - Level 1.3 Dodging
 - Level 0.4 Stealth
 * Level 7.1 Invocations


You had 10 spell levels left.
You didn't know any spells.
Your spell library contained the following spells:

 Spells                   Type           Power        Failure   Level  Hunger
 Beastly Appendage        Tmut           #.....       100%        1    ##.....
 Sticks to Snakes         Tmut           #.......     100%        2    ###....
 Spider Form              Tmut/Pois      #.........   100%        3    ####...
 Ice Form                 Ice/Tmut       #.......     100%        4    #####..
 Blade Hands              Tmut           #.........   100%        5    ######.


Dungeon Overview and Level Annotations

Branches:
Dungeon (10/15)            Temple (0/1) D:6            Lair (0/6) D:9
    Orc: D:9-12

Altars:
Ashenzari
Fedhas
Gozag
Hepliaklqana
Okawaru
Sif Muna
Vehumet
Yredelemnul

Shops:
D:8 (   D:9 (

Annotations:
D:1 exclusion: downstairs
D:8 exclusion: downstairs
D:9 2 runed translucent doors, exclusion: orange crystal statue


Innate Abilities, Weirdness & Mutations

You have hooves in place of feet.
Armour fits poorly on your strangely shaped body.
You cover ground very quickly.
You have extremely tough skin. (AC +3)


Message History

You attempt to attack the glowing orange brain, but flinch away in fear!
The two-headed ogre hits you with a +0 giant spiked club.
The two-headed ogre hits you with a +0 giant club.
You attempt to attack the glowing orange brain, but flinch away in fear!
The two-headed ogre hits you with a +0 giant spiked club!
The two-headed ogre hits you but does no damage.
The crimson imp blinks!
You slash the glowing orange brain!
You kick the glowing orange brain, but do no damage.
The glowing orange brain is severely wounded.
The two-headed ogre hits you with a +0 giant spiked club!!
* * * LOW HITPOINT WARNING * * *
The two-headed ogre hits you but does no damage.
You attempt to attack the glowing orange brain, but flinch away in fear!
The two-headed ogre hits you with a +0 giant spiked club.
* * * LOW HITPOINT WARNING * * *
The two-headed ogre hits you with a +0 giant club.
* * * LOW HITPOINT WARNING * * *
The two-headed ogre hits you with a +0 giant spiked club!!
You die...

###.......................##....#
...........................#.##..
...............#####..........##.
...###########.#...#.......##..#.
...#.........#.#...'.#####..##...
...#.........'.#...#.#.......#.##
...#.........#.#...#.#..........#
...#.........#.#####.'...........
##.#.[(......#.O@GZF.#...........
#.#.......########..#..........#
#.#.......#.##.8∩##.#..........#
#.##'#....#.#!$.$.#.#..........#
#....#....#.#8.$$Z'.##+#######.#
#....#....#.#∩.8_§5..........###
#....######.#8$.$.'.######......
#...........#...$.#......#......
##...........##∩8.##......'......


You could see a glowing orange brain, a two-headed ogre, a bullfrog and a
centaur zombie.

Vanquished Creatures
  Gastronok (D:10)
  Erolcha (D:10)
  A hydra (D:9)
  A two-headed ogre (D:10)
  The ghost of xeno23 the Covert, a novice OpAs of Uskayaw (D:10)
  2 komodo dragons (D:10)
  A troll (D:9)
  3 hippogriffs
  A meliai zombie (D:8)
  2 dream sheep (D:9)
  2 wraiths (D:10)
  7 yaks
  Menkaure (D:4)
  3 orc warriors
  A sky beast (D:10)
  An eye of draining (D:9)
  3 ice beasts
  2 phantoms
  4 ogres
  3 wolves
  2 necrophages
  2 centaurs
  4 big kobolds
  3 bullfrogs
  A scorpion (D:7)
  3 killer bees (D:9)
  3 wights (D:5)
  An electric eel (D:9)
  2 crimson imps
  2 jellies
  A bullfrog skeleton (D:9)
  11 hounds
  7 orc priests
  Crazy Yiuf (D:4)
  A centaur skeleton (D:7)
  An iguana (D:3)
  3 orc wizards
  4 worker ants
  A hound zombie (D:10)
  A hound skeleton (D:10)
  8 adders
  3 gnolls (D:6)
  2 oozes
  An adder zombie (D:9)
  3 worms
  A leopard gecko (D:2)
  28 orcs
  11 bats
  6 giant cockroaches
  5 goblins
  8 hobgoblins
  13 jackals
  2 quokkas
  2 frilled lizards (D:1)
  11 kobolds
  A quokka zombie (D:5)
  4 rats
204 creatures vanquished.

Vanquished Creatures (others)
  A plant (D:7)
1 creature vanquished.

Grand Total: 205 creatures vanquished

Notes
Turn   | Place    | Note
-------+----------+-------------------------------------------
     0 | D:1      | Zizzle the Centaur Hunter began the quest for the Orb.
     0 | D:1      | Reached XP level 1. HP: 17/17 MP: 1/1
    57 | D:1      | Reached XP level 2. HP: 17/24 MP: 2/2
   796 | D:1      | Reached skill level 6 in Bows
   999 | D:1      | Reached XP level 3. HP: 29/29 MP: 3/3
  1463 | D:2      | Reached skill level 1 in Armour
  2611 | D:2      | Found a blossoming altar of Fedhas.
  2654 | D:2      | Reached XP level 4. HP: 36/36 MP: 4/4
  3569 | D:3      | Found a radiant altar of Vehumet.
  3580 | D:3      | Reached skill level 1 in Polearms
  3753 | D:3      | Reached XP level 5. HP: 15/42 MP: 5/5
  4048 | D:3      | Found an iron altar of Okawaru.
  4293 | D:3      | Became a worshipper of Warmaster Okawaru
  4400 | D:4      | Noticed Menkaure
  4440 | D:4      | Killed Menkaure
  4440 | D:4      | Reached skill level 7 in Bows
  4494 | D:4      | Reached XP level 6. HP: 35/50 MP: 6/6
  5127 | D:4      | Reached * piety under Okawaru
  5127 | D:4      | Reached skill level 8 in Bows
  5343 | D:4      | Found a runed translucent door.
  5344 | D:4      | Noticed Crazy Yiuf
  5818 | D:4      | Killed Crazy Yiuf
  5979 | D:5      | Entered Level 5 of the Dungeon
  6320 | D:5      | Reached XP level 7. HP: 29/56 MP: 7/7
  6679 | D:5      | Reached skill level 1 in Invocations
  7231 | D:5      | Reached ** piety under Okawaru
  7525 | D:5      | Reached skill level 9 in Bows
  7532 | D:5      | HP: 2/57 [centaur/+0 falchion (2)]
  7536 | D:5      | Reached XP level 8. HP: 15/63 MP: 9/9
  8067 | D:6      | Found a staircase to the Ecumenical Temple.
  8572 | D:7      | Reached *** piety under Okawaru
  8572 | D:7      | Received a gift from Okawaru
  8573 | D:7      | Noticed a hippogriff
  8587 | D:7      | Killed a hippogriff
  8900 | D:7      | Reached skill level 10 in Bows
  8984 | D:7      | Found a hazy altar of Hepliaklqana.
  9053 | D:7      | Found a shattered altar of Ashenzari.
  9058 | D:7      | Saw a vision of the Swamp and the Spider Nest.
  9058 | D:7      | Noticed a wolf spider
  9058 | D:7      | Noticed a wolf spider
  9058 | D:7      | Noticed an alligator
  9250 | D:8      | Reached skill level 5 in Polearms
  9250 | D:8      | Reached XP level 9. HP: 64/69 MP: 11/11
  9670 | D:8      | Found a deep blue altar of Sif Muna.
  9987 | D:8      | Reached **** piety under Okawaru
 10303 | D:9      | Found Vurr's Weapon Shoppe.
 10584 | D:9      | Found a staircase to the Lair.
 10743 | D:9      | Reached skill level 5 in Armour
 11459 | D:8      | Received a gift from Okawaru
 11950 | D:9      | Found a basalt altar of Yredelemnul.
 12010 | D:9      | Found a runed translucent door.
 12022 | D:9      | Found a runed translucent door.
 12041 | D:9      | Noticed an orange crystal statue
 12130 | D:9      | Noticed a troll
 12190 | D:9      | Killed a troll
 12190 | D:9      | Reached skill level 5 in Fighting
 12382 | D:9      | Reached skill level 5 in Invocations
 12696 | D:9      | Reached XP level 10. HP: 29/79 MP: 13/13
 12766 | D:9      | Reached ***** piety under Okawaru
 13086 | D:9      | Noticed a three-headed hydra
 13153 | D:9      | Reached skill level 11 in Bows
 13154 | D:9      | Killed a three-headed hydra
 13206 | D:9      | Got a steaming halberd
 13207 | D:9      | Identified the +6 halberd of the Absolute Madman {drain,
                  | rElec rN+} (You found it on level 9 of the Dungeon)
 13380 | D:9      | Received a gift from Okawaru
 13401 | D:10     | Entered Level 10 of the Dungeon
 13482 | D:10     | Received a gift from Okawaru
 13564 | D:10     | Noticed Erolcha
 13578 | D:10     | Killed Erolcha
 13578 | D:10     | Received a gift from Okawaru
 13607 | D:10     | Found a runed translucent gate.
 13607 | D:10     | Found a runed translucent gate.
 13607 | D:10     | Found an opulent altar of Gozag.
 13607 | D:10     | Found a runed translucent gate.
 14057 | D:10     | Noticed Gastronok
 14071 | D:10     | Killed Gastronok
 14071 | D:10     | Reached skill level 12 in Bows
 14071 | D:10     | Reached XP level 11. HP: 49/88 MP: 13/16
 14246 | D:10     | Received a gift from Okawaru
 14317 | D:10     | Noticed a two-headed ogre
 14335 | D:10     | Killed a two-headed ogre
 14335 | D:10     | Reached ****** piety under Okawaru
 14335 | D:10     | Received a gift from Okawaru
 14770 | D:10     | Noticed a glowing orange brain
 14770 | D:10     | Noticed xeno23's ghost (novice OpAs)
 14794 | D:10     | Killed xeno23's ghost
 14794 | D:10     | Received a gift from Okawaru
 14819 | D:10     | Noticed a two-headed ogre
 14822 | D:10     | Mangled by a two-headed ogre

Levels and vault maps discovered:
D:1:      lightli_arrival_maybe_door_vault, layout_basic, kennysheep_boxes
D:2:      layout_loops_cross, lemuel_coloured_pillars_altar
D:3:      layout_basic, lemuel_round_altar, fiery_altar_vehumet
D:4:      layout_basic, uniq_crazy_yiuf_cottage, uniq_menkaure
D:5:      layout_rooms, first_ration, kennysheep_cross_room
D:6:      layout_basic, minmay_temple_entry_waves
D:7:      layout_rooms, kennysheep_mini_moat, grunt_ashenzari_visionary
          [grunt_ashenzari_visionary_swamp, grunt_ashenzari_visionary_spider]
D:8:      layout_loops_ring, lemuel_round_altar
D:9:      layout_irregular_city, lemuel_crystal_altar, erik_lair_island,
          serial_shops, shop, hangedman_ranch [blue_anna_fruit_fields],
          chequers_guarded_unrand_ignorance
D:10:     layout_irregular_city, ebering_ghost_gozag, st_stairs_12,
          nicolae_wwwww, uniq_gastronok, uniq_erolcha

Skill      XL: |  1  2  3  4  5  6  7  8  9 10 11 |
---------------+----------------------------------+-----
Bows           | 6 7 8 9 10 12 | 12.3
Armour         | 1 2 3 4 5 6 7 |  7.1
Polearms       | 1 2 3 5 6 8 |  8.7
Fighting       | 3 4 5 6 |  6.5
Invocations    | 2 3 5 6 7 |  7.1
Short Blades   | |  0.1
Dodging        | |  1.3
Stealth        | |  0.4

Action                   |  1- 3 |  4- 6 |  7- 9 | 10-12 || total
-------------------------+-------+-------+-------+-------++-------
Melee: Short sword       |    85 |       |       |       ||    85
       Kick              |    22 |    31 |    71 |    40 ||   164
       Spear             |    59 |   127 |       |       ||   186
       Trident           |       |    32 |    76 |       ||   108
       Halberd           |       |       |   308 |   174 ||   482
 Fire: Shortbow          |     2 |    74 |    71 |    51 ||   198
Invok: Heroism           |       |       |     1 |     2 ||     3
  Use: Scroll            |       |     1 |     4 |     2 ||     7
       Potion            |       |       |     1 |       ||     1
  Eat: Chunk             |     4 |    10 |    17 |     2 ||    33
       Ration            |       |       |       |     1 ||     1
Armor: Leather armour    |    56 |    43 |       |       ||    99
       Scale mail        |       |    31 |    20 |       ||    51
       Chain mail        |       |       |   168 |       ||   168
       Plate armour      |       |       |    92 |    84 ||   176
Dodge: Dodged            |    85 |    73 |   113 |    28 ||   299

Table legend:
 A = Non-vault XP
 B = Vault XP
 C = Vault XP percentage of total XP
 D = Non-vault monster count
 E = Vault monster count
 F = Vault count percentage of total count
                 A         B        C        D         E       F
            +---------+---------+-------+---------+---------+-------
      Total |    8216 |    7861 |  48.9 |     180 |      24 |  11.8
            +---------+---------+-------+---------+---------+-------
        D:1 |      54 |       0 |   0.0 |      31 |       0 |   0.0
        D:2 |      67 |       0 |   0.0 |      21 |       0 |   0.0
        D:3 |      82 |       0 |   0.0 |      13 |       0 |   0.0
        D:4 |     250 |     215 |  46.2 |       9 |       2 |  18.2
        D:5 |     885 |       0 |   0.0 |      26 |       0 |   0.0
        D:6 |     283 |       0 |   0.0 |      14 |       0 |   0.0
        D:7 |     850 |       0 |   0.0 |      15 |       0 |   0.0
        D:8 |    1092 |     366 |  25.1 |      12 |       4 |  25.0
        D:9 |    1000 |    2594 |  72.2 |      21 |      12 |  36.4
       D:10 |    3653 |    4686 |  56.2 |      18 |       6 |  25.0
            +---------+---------+-------+---------+---------+-------
